 Dungeon Crawl Stone Soup version 0.26-a0-651-gb41185065b (webtiles) character file.

Game seed: 16077798286473310599

3318 Lanoc the Frost Mage (level 9, 0/46 HPs)
             Began as a Deep Elf Ice Elementalist on Oct 7, 2020.
             Was a Believer of Qazlal.
             Slain by Maurice
             ... wielding a +0 short sword
              (9 damage)
             ... on level 9 of the Dungeon.
             The game lasted 00:12:55 (9069 turns).

Lanoc the Frost Mage (Deep Elf Ice Elementalist)    Turns: 9069, Time: 00:12:56

Health: 0/46       AC: -2    Str:  5    XL:     9   Next: 71%
Magic:  13/15      EV: 19    Int: 24    God:    Qazlal [**....]
Gold:   531        SH:  3    Dex: 15    Spells: 7/14 levels left

rFire    x . .     SeeInvis +   c - +11 dire flail of Departure {vorpal, rN+ SInv Stlth+}
rCold    + . .     Faith    .   (shield currently unavailable)
rNeg     + . .     Spirit   .   a - +0 robe
rPois    .         Reflect  .   (no helmet)
rElec    .         Harm     .   (no cloak)
rCorr    .         Rampage  .   (no gloves)
MR       .....                  (no boots)
Stlth    ++........             (no amulet)
HPRegen  0.15/turn              u - ring of ice
MPRegen  0.14/turn              v - ring of attention (curse)

@: corroded, frozen ramparts
A: no striking features
a: Upheaval, Renounce Religion


You were on level 9 of the Dungeon.
You worshipped Qazlal.
Qazlal was pleased with you.
You visited 2 branches of the dungeon, and saw 10 of its levels.

You collected 531 gold pieces.

Inventory:

Hand Weapons
 c - the +11 dire flail of Departure (weapon) {vorpal, rN+ SInv Stlth+}
   (You took it off an ogre on level 3 of the Dungeon)

   It inflicts extra damage upon your enemies.
   It protects you from negative energy.
   It lets you see invisible.
   It makes you more stealthy.
Armour
 a - a +0 robe (worn)
Jewellery
 u - a ring of ice (left hand)
 v - a cursed ring of attention (right hand)
Wands
 j - a wand of random effects (18)
Scrolls
 b - 3 scrolls of immolation {unknown}
 e - 11 scrolls of identify {unknown}
 f - 5 scrolls of remove curse {unknown}
 g - 2 scrolls of blinking {unknown}
 i - a scroll of teleportation {unknown}
 k - 3 scrolls of enchant weapon {unknown}
 o - 2 scrolls of summoning {unknown}
 s - 2 scrolls of fear {unknown}
 x - a scroll of enchant armour {unknown}
Potions
 d - a potion of heal wounds {unknown}
 h - 2 potions of ambrosia {unknown}
 l - 4 potions of curing {unknown}
 m - 5 potions of might {unknown}
 n - 3 potions of haste {unknown}
 q - 2 potions of mutation {unknown}
 r - a potion of resistance {unknown}
 t - 2 potions of lignification {unknown}
 w - a potion of degeneration {unknown}


   Skills:
 + Level 0.6 Fighting
 + Level 9.8 Dodging
 - Level 2.4 Stealth
 - Level 3.0 Spellcasting
 * Level 12.6 Ice Magic


You had 7 spell levels left.
You knew the following spells:

 Your Spells              Type           Power        Failure   Level
a - Freeze                Ice            ####         1%          1
b - Frozen Ramparts       Ice            ######       1%          3
c - Ozocubu's Armour      Ice            #######.     1%          3

Your spell library contained the following spells:

 Spells                   Type           Power        Failure   Level
 Hailstorm                Conj/Ice       ######..     8%          4
 Summon Ice Beast         Ice/Summ       ######..     8%          4
 Animate Skeleton         Necr           #.....       11%         1
 Apportation              Tloc           #.....       11%         1
 Foxfire                  Conj/Fire      #...         11%         1
 Pain                     Necr           #...         11%         1
 Sting                    Tmut/Pois      #...         11%         1
 Poisonous Vapours        Pois/Air       #.....       16%         2
 Conjure Flame            Conj/Fire      #.......     32%         3
 Ignite Poison            Fire/Tmut/Pois #.......     32%         3
 Inner Flame              Hex/Fire       #.......     32%         3
 Lesser Beckoning         Tloc           #.........   32%         3
 Mephitic Cloud           Conj/Pois/Air  #.......     32%         3
 Tukima's Dance           Hex            #.......     32%         3
 Vampiric Draining        Necr           #.........   32%         3
 Animate Dead             Necr           #.........   71%         4
 Cause Fear               Hex            #.........   71%         4
 Olgreb's Toxic Radiance  Pois           #.......     71%         4
 Sticky Flame             Conj/Fire      #.......     71%         4
 Agony                    Necr           #.......     96%         5
 Alistair's Intoxication  Tmut/Pois      #........    96%         5
 Fireball                 Conj/Fire      #.........   96%         5
 Silence                  Hex/Air        #.........   96%         5
 Yara's Violent Unravell  Hex/Tmut       #.........   96%         5
 Invisibility             Hex            #.......     100%        6
 Discord                  Hex            #.........   100%        8


Dungeon Overview and Level Annotations

Branches:
Dungeon (9/15)             Temple (1/1) D:4
   Lair: D:8-11         Orc: D:9-12

Altars:
Ashenzari
Elyvilon
Fedhas
Gozag
Hepliaklqana
Kikubaaqudgha
Makhleb
Nemelex Xobeh
Okawaru
Qazlal
Ru
Sif Muna
Trog
Vehumet
Wu Jian
Xom
Yredelemnul
The Shining One

Annotations:
D:3 Irenicus's ghost, amateur DDEE
D:9 Maurice


Message History

There is an open door, spattered with blood here.
You hit Maurice.
Maurice is moderately wounded.
The wall freezes Maurice.
Maurice hits you with a +0 short sword.
Maurice steals 3 of your 4 scrolls labeled FYL BAUHIUG!
The wall freezes Maurice.
Maurice zaps a wand.
The bolt of acid misses you.
The now-empty wand crumbles to dust.
You closely miss Maurice.
Maurice is heavily wounded.
The wall freezes Maurice!
Maurice hits you with a +0 short sword!
* * * LOW HITPOINT WARNING * * *
Maurice steals your wand of digging (6)!
You hit Maurice.
Maurice is severely wounded.
The wall freezes Maurice.
Maurice closely misses you.
You miss Maurice.
Maurice is severely wounded.
The wall freezes Maurice.
Maurice barely misses you.
The wall freezes Maurice.
Maurice hits you with a +0 short sword!
You die...

######### ##########
#........
.........####......>.
.........#.@@........
...........##).......
.........####.....<..
.........# #........
.........# #........
######.## #........
###.# #####'###
###...# .# #...### #


You could see Maurice.

Vanquished Creatures
  A water moccasin (D:6)
  A black bear (D:7)
  2 sky beasts
  2 orc warriors
  3 phantoms (D:6)
  5 ogres
  A crocodile (D:9)
  A centaur (D:8)
  3 bullfrogs
  A water moccasin zombie (D:5)
  A water moccasin skeleton (D:6)
  5 killer bees
  3 scorpions
  4 wights (D:7)
  A howler monkey (D:8)
  A centaur zombie (D:8)
  2 jellies
  8 hounds
  Crazy Yiuf (D:3)
  3 orc priests
  3 bullfrog skeletons
  2 orc wizards
  A gnoll shaman (D:7)
  3 worker ants
  A howler monkey zombie (D:6)
  A worker ant zombie (D:5)
  10 adders
  7 gnolls
  A shadow imp (D:8)
  A white imp (D:6)
  3 ufetubi
  An adder zombie (D:7)
  2 adder skeletons
  3 worms
  2 dart slugs
  3 leopard geckos
  37 orcs
  2 ball pythons
  A giant cockroach (D:3)
  2 hobgoblins (D:3)
  7 jackals
  2 quokkas
  7 bats
  3 frilled lizards
  4 goblins
  A kobold (D:3)
159 creatures vanquished.

Vanquished Creatures (others)
  2 plants (D:9)
2 creatures vanquished.

Grand Total: 161 creatures vanquished

Notes
Turn   | Place    | Note
-------+----------+-------------------------------------------
     0 | D:1      | Lanoc the Deep Elf Ice Elementalist began the quest for the
                  | Orb.
     0 | D:1      | Reached XP level 1. HP: 10/10 MP: 6/6
   120 | D:2      | Reached XP level 2. HP: 3/15 MP: 0/8
   390 | D:2      | Reached skill level 5 in Ice Magic
   413 | D:2      | Reached XP level 3. HP: 13/19 MP: 5/9
   418 | D:2      | Learned a level 3 spell: Frozen Ramparts
   799 | D:3      | Found a transporter.
   799 | D:3      | Identified the +11 dire flail of Departure {vorpal, rN+
                  | SInv Stlth+}
   799 | D:3      | Noticed an ogre
   800 | D:3      | Noticed Irenicus's ghost (amateur DDEE)
   812 | D:3      | Noticed an ogre
   814 | D:3      | Found a transporter.
  1317 | D:3      | Reached XP level 4. HP: 24/24 MP: 6/10
  1845 | D:3      | Found a runed translucent door.
  1846 | D:3      | Noticed Crazy Yiuf
  2118 | D:3      | Killed Crazy Yiuf
  2118 | D:3      | Reached skill level 6 in Ice Magic
  2343 | D:3      | Learned a level 3 spell: Ozocubu's Armour
  2599 | D:3      | Killed an ogre
  2599 | D:3      | Reached XP level 5. HP: 28/28 MP: 5/11
  2688 | D:3      | Killed an ogre
  2688 | D:3      | Reached skill level 7 in Ice Magic
  2688 | D:3      | Reached XP level 6. HP: 32/32 MP: 2/12
  2810 | D:4      | Reached skill level 5 in Dodging
  3704 | D:4      | Reached skill level 8 in Ice Magic
  3704 | D:4      | Reached XP level 7. HP: 36/36 MP: 9/13
  3948 | D:4      | Found a staircase to the Ecumenical Temple.
  4164 | Temple   | Entered the Ecumenical Temple
  4329 | Temple   | Became a worshipper of Qazlal Stormbringer
  4359 | D:5      | Entered Level 5 of the Dungeon
  4704 | D:5      | Got a crystal dagger
  4705 | D:5      | Identified the +3 dagger of Kodwaets {flame, MR+} (You
                  | found it on level 5 of the Dungeon)
  4988 | D:5      | Reached skill level 9 in Ice Magic
  5177 | D:5      | Found a sparkling altar of Nemelex Xobeh.
  5362 | D:6      | Reached XP level 8. HP: 40/41 MP: 14/14
  5560 | D:6      | Reached * piety under Qazlal
  5713 | D:6      | Reached skill level 10 in Ice Magic
  6582 | D:7      | Found a glowing golden altar of the Shining One.
  6590 | D:7      | Reached skill level 11 in Ice Magic
  6625 | D:7      | Reached XP level 9. HP: 20/45 MP: 8/15
  6821 | D:7      | Found a burning altar of Makhleb.
  7071 | D:7      | Reached ** piety under Qazlal
  7307 | D:7      | Found an iron altar of Okawaru.
  7743 | D:8      | Reached skill level 12 in Ice Magic
  8104 | D:8      | Found a sacrificial altar of Ru.
  9056 | D:9      | Noticed Maurice
  9069 | D:9      | Slain by Maurice

Illustrated notes

Levels and vault maps discovered:
D:1:      grunt_arrival_crossed_arrows, layout_basic
D:2:      layout_loops_ring, kennysheep_generic_room_9
D:3:      layout_loops_cross, gammafunk_ghost_smash, uniq_crazy_yiuf_cottage
D:4:      layout_gridville, minmay_temple_entry_mist, minmay_door_square
D:5:      layout_loops_cross, nemelex_diamond_rough_becter
D:6:      layout_loops_ring, kennysheep_potato
D:7:      layout_rooms, overflow_temple_1_default, lemuel_crystal_altar,
          basic_altar
D:8:      layout_basic, basic_altar, eino_jars
D:9:      layout_roguey, gammafunk_temple_overflow_forgotten,
          overflow_temple_1_default, hiddenorc1_lemuel, uniq_maurice
Temple:   regret_index_temple_sphere_string

Skill      XL: |  1  2  3  4  5  6  7  8  9 |
---------------+----------------------------+-----
Dodging        | 3 4 5 6 8 9 |  9.8
Ice Magic      | 5 6 7 8 9 11 12 | 12.6
Fighting       | |  0.6
Stealth        | |  2.4
Spellcasting   | |  3.0

Action                   |  1- 3 |  4- 6 |  7- 9 || total
-------------------------+-------+-------+-------++-------
Melee: Unarmed           |     3 |       |       ||     3
       Dagger            |    10 |    26 |       ||    36
       Quarterstaff      |       |     1 |       ||     1
       Dire flail        |       |    21 |   160 ||   181
 Cast: Freeze            |    20 |       |       ||    20
       Frozen Ramparts   |     8 |    20 |    43 ||    71
 Stab: Sleeping          |     1 |     1 |     8 ||    10
       Invisible         |       |     2 |       ||     2
Armor: Robe              |     6 |     8 |     8 ||    22
Dodge: Dodged            |    26 |    47 |   157 ||   230
Block: Other             |       |       |    13 ||    13

Table legend: (Time is in decaauts)
 A = Elapsed time spent in this place.
 B = Non-inter-level travel time spent in this place.
 C = Inter-level travel time spent in this place.
 D = Time resting spent in this place.
 E = Time spent auto-exploring this place.
 F = Levels seen in this place.
 G = Mean time per level.
                   A        B        C        D        E       F      G
               +--------+--------+--------+--------+--------+-----+--------+
         Total |   9109 |   8779 |    330 |    315 |   7280 |  10 |  910.9 |
       Dungeon |   8927 |   8634 |    293 |    315 |   7138 |   9 |  991.9 |
        Temple |    181 |    144 |     37 |      0 |    142 |   1 |  181.0 |
               +--------+--------+--------+--------+--------+-----+--------+

Top non-repeatable levels by time:
     D:3: 2019 daAuts
     D:4: 1392 daAuts
     D:6: 1243 daAuts
     D:8: 1125 daAuts
     D:5: 933 daAuts
     D:7: 898 daAuts
     D:2: 753 daAuts
     D:9: 550 daAuts
  Temple: 181 daAuts
     D:1: 11 daAuts
